Map: Ulrena

Players

pupu

  • Race: Protoss Protoss
  • League: Silver

Machiavelli - Winner!

  • Race: Protoss Protoss
  • League: Silver

VOD

Have the link to the VOD?

Description

Time

  • Played on: April 4, 2016, 1:25 p.m.
  • Length: 14:35
Show
View Real Time Build Order
Export as new Build Order

pupu Protoss 

Build Orders:  

Get SALT Encoding   

  12  0:01  Probe (Chrono Boost)  
  13  0:11  Probe (Chrono Boost)  
  14  0:19  Pylon  
  14  0:22  Probe (Chrono Boost)  
  15  0:37  Probe (Chrono Boost)  
  15  0:38  Gateway  
  16  0:48  Probe (Chrono Boost)  
  17  0:50  Assimilator  
  17  0:58  Probe (Chrono Boost)  
  18  1:06  Assimilator  
  18  1:09  Probe (Chrono Boost)  
  19  1:20  Probe (Chrono Boost)  
  19  1:25  Cybernetics Core  
  20  1:29  Pylon  
  20  1:32  Probe (Chrono Boost)  
  21  1:43  Probe (Chrono Boost)  
  22  1:48  Pylon  
  22  1:53  Probe (Chrono Boost)  
  23  2:04  Warp Gate (Chrono Boost)  
  23  2:11  Gateway  
  23  2:12  Gateway  
  23  2:17  Probe  
  24  2:26  Gateway  
  24  2:33  Pylon  
  24  2:41  Stalker  
  26  2:58  Sentry  
  28  3:01  Gateway  
  28  3:05  Stalker  
  30  3:12  Stalker  
  32  3:17  Sentry  
  34  3:20  Probe  
  35  3:53  Stalker x4  
  38  4:06  Stalker  
  35  4:25  Stalker  
  37  4:40  Probe  
  38  4:56  Stalker  
  40  5:16  Stargate  
  40  5:23  Pylon  
  40  5:39  Stalker  
  42  5:43  Sentry  
  44  6:04  Probe  
  45  6:17  Probe  
  30  6:59  Stalker x5  
  38  7:11  Probe  
  29  7:46  Stalker  
  29  7:47  Stalker x3  
  31  8:36  Stalker x4  
  31  8:37  Stalker  
  41  8:44  Probe  
  36  9:13  Stalker x3  
  36  9:46  Sentry x2  
  36  9:47  Sentry  
  36  9:48  Stalker x2  
  46  10:14  Nexus  
  46  10:17  Probe  
  47  10:38  Zealot x2  
  51  10:50  Probe  
  52  11:07  Pylon  
  52  11:17  Forge  
  52  11:21  Probe  
  52  11:25  Void Ray (Chrono Boost)  
  57  11:28  Probe  
  58  11:34  Probe  
  59  11:40  Zealot  
  59  11:43  Sentry  
  63  11:52  Stalker  
  33  12:49  Stalker x2  
  33  12:50  Stalker x3  
  39  13:17  Stalker x5  
  49  13:24  Void Ray (Chrono Boost)  
  53  13:40  Sentry x3  
  57  13:52  Stalker x2  
  39  14:18  Stalker x2  
Show
View Real Time Build Order
Export as new Build Order

Machiavelli Protoss - Winner!

Build Orders: Oracle Opening 

Get SALT Encoding   

  12  0:01  Probe (Chrono Boost)  
  13  0:11  Probe (Chrono Boost)  
  14  0:19  Pylon  
  14  0:24  Probe (Chrono Boost)  
  15  0:37  Probe (Chrono Boost)  
  15  0:40  Gateway  
  16  0:46  Assimilator  
  16  0:59  Probe (Chrono Boost)  
  16  1:11  Probe (Chrono Boost)  
  17  1:27  Probe (Chrono Boost)  
  18  1:45  Cybernetics Core  
  18  1:50  Nexus  
  18  1:53  Probe (Chrono Boost), Pylon  
  19  2:00  Assimilator  
  19  2:07  Probe (Chrono Boost)  
  20  2:18  Probe (Chrono Boost)  
  20  2:22  Warp Gate  
  21  2:28  Stargate  
  21  2:33  Adept  
  23  2:42  Pylon  
  23  2:43  Probe (Chrono Boost)  
  24  3:03  Probe (Chrono Boost)  
  25  3:11  Probe (Chrono Boost), Oracle (Chrono Boost)  
  25  3:12  Probe (Chrono Boost)  
  29  3:18  Stalker  
  32  3:23  Probe  
  33  3:28  Gateway  
  33  3:34  Mothership Core  
  35  3:44  Assimilator  
  35  3:47  Assimilator  
  35  3:48  Pylon  
  26  4:25  Stalker  
  26  4:27  Sentry  
  30  4:51  Sentry  
  31  4:53  Stalker  
  33  5:06  Pylon  
  32  5:21  Pylon  
  32  5:24  Mothership Core  
  34  5:36  Sentry  
  34  5:40  Stalker  
  38  6:00  Stalker  
  40  6:11  Stalker  
  42  6:19  Probe  
  41  6:31  Probe  
  36  6:34  Sentry  
  30  6:43  Stalker  
  30  6:57  Stalker  
  32  7:01  Mothership Core  
  32  7:11  Zealot, Gateway  
  32  7:13  Pylon  
  32  7:30  Stalker  
  28  7:42  Stalker  
  28  7:54  Gateway  
  28  7:56  Gateway  
  28  8:02  Zealot  
  26  8:13  Stalker  
  26  8:14  Stalker  
  28  8:24  Zealot  
  24  8:37  Sentry x2  
  28  8:46  Zealot  
  24  9:06  Zealot x2  
  24  9:07  Zealot  
  28  9:12  Void Ray (Chrono Boost)  
  28  9:16  Mothership Core  
  34  9:21  Pylon  
  34  9:27  Zealot x3  
  32  9:51  Void Ray (Chrono Boost)  
  36  9:57  Zealot x2  
  40  10:07  Sentry  
  42  10:16  Zealot  
  42  10:18  Probe  
  45  10:27  Zealot  
  47  10:40  Pylon  
  47  10:55  Pylon  
  47  10:58  Probe  
  47  11:01  Adept  
  50  11:17  Void Ray (Chrono Boost)  
  54  11:26  Zealot  
  56  11:33  Zealot  
  58  11:54  Stalker  
  58  11:55  Stalker  
  62  12:10  Pylon  
  58  12:43  Void Ray (Chrono Boost)  
  62  12:48  Probe  
  58  13:00  Probe  
  59  13:12  Probe  
  59  14:00  Nexus  
Tags
 
Add a new tag
Caveats
  • Supply blocks, unpowered buildings, or Contaminate may cause inaccurate times.
  • Supply counts are checked every 10 seconds.